 Dungeon Crawl Stone Soup version 0.30.1-4-g462c640d31 (webtiles) character file.

Game seed: 13911903683201584558

99 growler the Gusty (level 4, 0/24 HPs)
             Began as a Tengu Air Elementalist on Aug 30, 2023.
             Killed from afar by Terence (11 damage)
             ... with a puff of flame
             ... on level 3 of the Dungeon.
             The game lasted 00:04:49 (2517 turns).

growler the Gusty (Tengu Air Elementalist)          Turns: 2517, Time: 00:04:50

Health: 0/24       AC:  2    Str:  9    XL:     4   Next: 72%
Magic:  4/9        EV: 12    Int: 17    God:
Gold:   60         SH:  0    Dex: 14    Spells: 3/9 levels left

rFire   . . .        (no weapon)
rCold   . . .        (no shield)
rNeg    . . .        a - +0 robe
rPois   .            (helmet restricted)
rElec   .            (no cloak)
rCorr   .            (no gloves)
SInv    .            (boots unavailable)
Will    +....        (no amulet)
Stlth   ++           i - ring of willpower
HPRegen 0.24/turn    (no ring)
MPRegen 0.11/turn

%: no passive effects
@: no status effects
A: beak, talons 3
a: no special abilities


You were on level 3 of the Dungeon.
You visited 1 branch of the dungeon, and saw 3 of its levels.

You collected 60 gold pieces.

Inventory:

Armour
 a - a +0 robe (worn)
Jewellery
 h - a ring of ice
 i - a ring of willpower (left hand)
Scrolls
 c - 3 scrolls of teleportation
 f - a scroll of brand weapon {unknown}
 g - a scroll of poison {unknown}
 j - a scroll of blinking {unknown}
 k - a scroll of vulnerability {unknown}
Potions
 b - a potion of magic
 d - a potion of haste
 e - a potion of lignification


   Skills:
 - Level 2.1 Dodging
 - Level 2.0 Stealth
 + Level 3.0 Spellcasting
 + Level 3.4 Conjurations
 + Level 5.2 Air Magic


You had 3 spell levels left.
You knew the following spells:

 Your Spells              Type           Power      Damage    Failure   Level
a - Shock                 Conj/Air       68%        1d7       3%          1
b - Static Discharge      Conj/Air       34%        2-4/arc   4%          2
c - Swiftness             Air            20%        N/A       6%          3

Your spell library contained the following spells:

 Spells                   Type           Power      Damage    Failure   Level
 Sublimation of Blood     Necr           2%         N/A       26%         2
 Wereblood                Tmut           2%         N/A       26%         2
 Airstrike                Air            10%        2d(2-18)  21%         4
 Summon Hydra             Summ           1%         N/A       100%        7


Dungeon Overview and Level Annotations

Branches:
Dungeon (3/15)

Altars:

Annotations:
D:3 Terence


Innate Abilities, Weirdness & Mutations

You have a beak for a mouth.
You have claws for feet.


Message History

Your Spellcasting skill increases to level 3!
You see here the felid corpse of Natasha.
Found a stone staircase leading down.
There is a stone staircase leading down here.
Terence the Incautious comes into view.
He is wielding a +0 trident and carrying a wand of flame (8).
The zap hits Terence.
Terence is moderately wounded.
Terence shouts!
A rat comes into view.
The zap hits Terence but does no damage.
Terence is moderately wounded.
The zap hits Terence.
Terence is heavily wounded.
Terence zaps a wand.
The puff of flame hits you.
You miscast Shock.
You are very lightly contaminated with residual magic.
Nothing appears to happen.
Terence zaps a wand.
The puff of flame hits you!
You are too injured to fight recklessly!
Unknown command.
Your magical contamination has completely faded away.
Casting: Shock (safe; 3% risk of failure)
Confirm with . or Enter, or press ? or * to list all spells.
Aiming: Shock (safe; 3% risk of failure)
Press: ? - help, Shift-Dir - straight line, p - Terence The zap hits the rat.
You kill the rat!
The zap hits Terence but does no damage.
Terence is moderately wounded.
The zap hits Terence but does no damage.
Terence is moderately wounded.
Casting: Shock (safe; 3% risk of failure)
Confirm with . or Enter, or press ? or * to list all spells.
Aiming: Shock (safe; 3% risk of failure)
Press: ? - help, Shift-Dir - straight line The zap hits Terence but does no damage.
Terence is moderately wounded.
The zap hits Terence but does no damage.
Terence is moderately wounded.
Terence zaps a wand.
The puff of flame hits you!
You die...

###############
.............>#
...##########.##########
...# #.@†@......# ...#
#.########.# ...# #.#
...# #.# ...# #r# ...#
#.. #.. #.. #...


You could see Terence.

Vanquished Creatures
  Natasha (D:3)
  An adder (D:2)
  A worm (D:2)
  3 dart slugs
  7 bats
  3 endoplasms
  2 giant cockroaches (D:1)
  2 goblins
  6 hobgoblins
  6 jackals (D:1)
  7 kobolds
  4 quokkas
  2 ball pythons (D:1)
  2 frilled lizards (D:1)
  8 rats
55 creatures vanquished.

Notes
Turn   | Place    | Note
-------+----------+-------------------------------------------
     0 | D:1      | growler the Tengu Air Elementalist began the quest for the
                  | Orb.
     0 | D:1      | Reached XP level 1. HP: 10/10 MP: 4/4
    25 | D:1      | You fall into a shaft and drop 1 floor!
   111 | D:1      | Reached XP level 2. HP: 12/15 MP: 1/6
   114 | D:1      | Learned a level 2 spell: Static Discharge
   532 | D:1      | Reached XP level 3. HP: 19/19 MP: 4/7
   574 | D:1      | Learned a level 3 spell: Swiftness
  1615 | D:2      | Reached XP level 4. HP: 24/24 MP: 6/9
  1967 | D:2      | Reached skill level 5 in Air Magic
  2400 | D:3      | Noticed Natasha
  2407 | D:3      | Killed Natasha
  2505 | D:3      | Noticed Terence
  2517 | D:3      | Killed from afar by Terence

Illustrated notes

Levels and vault maps discovered:
D:1:      dpeg_arrival_ratfight, layout_basic, serial_glass, glass_columns_b,
          glass_columns_a, glass_columns_a, glass_columns_b, glass_columns_a,
          glass_columns_b, serial_bayou_pond_b
D:2:      layout_basic, corexii_item_surrounded_by_moat,
          chequers_hall_statues_wall_a
D:3:      layout_basic, uniq_natasha, uniq_terence, uniq_jessica

Skill      XL: |  1  2  3  4 |
---------------+-------------+-----
Conjurations   | 2 3 |  3.4
Air Magic      | 5 |  5.2
Spellcasting   | 3 |  3.0
Dodging        | |  2.1
Stealth        | |  2.0

Action                     |  1- 3 |  4- 6 || total
---------------------------+-------+-------++-------
  Melee: Unarmed           |    21 |       ||    21
         Kick              |     5 |       ||     5
         Peck              |     5 |       ||     5
   Cast: Shock             |    83 |    27 ||   110
         Static Discharge  |       |     1 ||     1
    Use: Scroll            |       |     3 ||     3
 Armour: Robe              |     7 |       ||     7
  Dodge: Dodged            |    32 |     1 ||    33
